 Dungeon Crawl Stone Soup version 0.23-a0-612-gcb482e9 (webtiles) character file.

79 Borgoz the Skirmisher (level 4, -1/39 (40) HPs)
             Began as a Ghoul Abyssal Knight on Dec 21, 2018.
             Was a Believer of Lugonu.
             Killed from afar by Sigmund (8 damage)
             ... with a wand of flame (23)
             ... on level 2 of the Dungeon.
             The game lasted 00:02:31 (1028 turns).

Borgoz the Skirmisher (Ghoul Abyssal Knight)        Turns: 1028, Time: 00:02:31

HP:   -1/39 (40)    AC:  3    Str: 15    XL:     4   Next: 38%
MP:   5/5           EV:  5    Int:  7    God:    Lugonu [**....]
Gold: 39            SH:  0    Dex:  9    Spells: 3/3 levels left

rFire    . . .     SeeInvis .     - Unarmed
rCold    + . .     Gourm    .   (no shield)
rNeg     + + +     Faith    .   m - +0 leather armour (curse)
rPois    ∞         Spirit   .   (no helmet)
rElec    .         Reflect  .   (no cloak)
rCorr    .         Harm     .   (no gloves)
MR       .....                  (no boots)
Stlth    +.........             (no amulet)
HPRegen  0.00/turn              l - -6 ring of evasion (curse)
MPRegen  0.09/turn              (no ring)

@: rotting
A: rotting body, claws 1, carnivore, cold resistance 1, negative energy
resistance 3, inhibited regeneration, torment resistance, unbreathing
a: Depart the Abyss, Bend Space, Renounce Religion


You were on level 2 of the Dungeon.
You worshipped Lugonu.
Lugonu was pleased with you.
You were not hungry.

You visited 1 branch of the dungeon, and saw 2 of its levels.
You visited the Abyss 1 time.

You collected 39 gold pieces.

Inventory:

Armour
 a - a +1 leather armour
 m - a cursed +0 leather armour (worn)
Jewellery
 l - a cursed -6 ring of evasion (left claw)
Scrolls
 i - 3 scrolls of fear
Potions
 d - a potion of curing {unknown}
 f - a potion of flight {unknown}
 g - a potion of haste {unknown}
Comestibles
 b - 4 rations
 c - 11 chunks of flesh


   Skills:
 + Level 3.9 Fighting
 + Level 2.3 Armour
 + Level 1.6 Dodging
 + Level 2.9 Unarmed Combat
 + Level 2.7 Invocations


You had 3 spell levels left.
You didn't know any spells.
Your spell library was empty.

Dungeon Overview and Level Annotations

Branches:
Dungeon (2/15)

Altars:

Annotations:
D:2 Sigmund


Innate Abilities, Weirdness & Mutations

Your body is rotting away.
You thrive on raw meat.
You are immune to poison.
You have sharp fingernails.
You are carnivorous and can eat meat at any time.
Your flesh is cold resistant. (rC+)
You are immune to negative energy. (rN+++)
You do not regenerate when monsters are visible.
You are immune to unholy pain and torment.
You can survive without breathing.


Message History

You barely miss the adder. The adder bites you but does no damage.
You scratch the adder.
The adder is heavily wounded.
The adder bites you.
You claw the adder!
You kill the adder!
Lugonu accepts your kill.
You see here an adder corpse.
You butcher the adder corpse.
c - 11 chunks of flesh (gained 2)
You see here an adder skeleton.
Sigmund the Dreaded comes into view.
He is wielding a +0 scythe and carrying a Sigmund shouts!
Sigmund zaps a wand.
The puff of flame hits you!
* * * LOW HITPOINT WARNING * * *
Found 13 gold pieces.
You see here a bat corpse.
Okay, then.
Sigmund zaps a wand.
The puff of flame hits you!
You die...

.#.##..#.# #.).# ....#
#.# #...# .#.......
#...#
.##.#..#######...######
..
....##.............##
##.
##.................. .#
##.............# #
######...###### #..@#
#.÷.# #...# #...# ##@##
#...# ....(..
..........@
#...#.........


You could see Sigmund.

Vanquished Creatures
  Jessica (D:2)
  2 adders (D:2)
  An ooze (D:1)
  A worm (D:2)
  2 dart slugs (D:1)
  A leopard gecko (D:1)
  A giant cockroach (D:1)
  2 goblins (D:1)
  3 hobgoblins
  A ball python (D:1)
  4 bats
  2 frilled lizards
  2 kobolds (D:1)
  6 rats (D:1)
29 creatures vanquished.

Notes
Turn   | Place    | Note
-------+----------+-------------------------------------------
     0 | Abyss:1  | Borgoz the Ghoul Abyssal Knight began the quest for the
                  | Orb.
     0 | Abyss:1  | Reached XP level 1. HP: 19/19 MP: 1/1
    38 | Abyss:1  | Noticed a large abomination
    40 | Abyss:1  | Found a corrupted altar of Lugonu.
    43 | D:1      | Escaped the Abyss
   132 | D:1      | Reached skill level 1 in Dodging
   174 | D:1      | Reached XP level 2. HP: 18/26 MP: 2/2
   751 | D:1      | Reached XP level 3. HP: 24/31 MP: 3/3
   951 | D:2      | Noticed Jessica
   971 | D:2      | Killed Jessica
   971 | D:2      | Reached XP level 4. HP: 34/40 MP: 4/4
  1009 | D:2      | Reached ** piety under Lugonu
  1022 | D:2      | Noticed Sigmund
  1028 | D:2      | Killed from afar by Sigmund

Vault maps used:
D:1:      lightli_arrival_chessboard, minivault_4, minmay_misc_feat_ornament,
          minmay_small_reverse_x
D:2:      lemuel_blue_sif_altar, uniq_jessica, uniq_sigmund

Skill      XL: |  1  2 |
---------------+-------+-----
Dodging        | 1 |  1.6
Armour         | 2 |  2.3
Fighting       | |  3.9
Unarmed Combat | |  2.9
Invocations    | |  2.7

Action                   |  1- 3 |  4- 6 || total
-------------------------+-------+-------++-------
Melee: Unarmed           |    79 |    17 ||    96
       Punch             |     1 |       ||     1
  Use: Scroll            |     5 |       ||     5
  Eat: Chunk             |     8 |     1 ||     9
Armor: Leather armour    |    27 |    19 ||    46
Dodge: Dodged            |    36 |     6 ||    42

Table legend:
 A = Non-vault XP
 B = Vault XP
 C = Vault XP percentage of total XP
 D = Non-vault monster count
 E = Vault monster count
 F = Vault count percentage of total count
                 A         B        C        D         E       F
            +---------+---------+-------+---------+---------+-------
      Total |      71 |      43 |  37.7 |      24 |       5 |  17.2
            +---------+---------+-------+---------+---------+-------
        D:1 |      33 |       6 |  15.4 |      17 |       4 |  19.0
        D:2 |      38 |      37 |  49.3 |       7 |       1 |  12.5
            +---------+---------+-------+---------+---------+-------
